 Dungeon Crawl Stone Soup version 0.23.1 (webtiles) character file.

Game seed: 5538860948055448272

343 Borgoz the Cutter (level 6, 0/48 (50) HPs)
             Began as a Ghoul Enchanter on Mar 2, 2019.
             Slain by a crimson imp (1 damage)
             ... on level 4 of the Dungeon.
             The game lasted 00:07:39 (3231 turns).

Borgoz the Cutter (Ghoul Enchanter)                 Turns: 3231, Time: 00:07:40

HP:   0/48 (50)     AC:  5    Str: 12      XL:     6   Next: 57%
MP:   0/7           EV: 17    Int:  9 (10) God:
Gold: 128           SH:  0    Dex: 16      Spells: 2/8 levels left

rFire    . . .     SeeInvis .   l - +0 rapier
rCold    + . .     Gourm    .   (no shield)
rNeg     + + +     Faith    .   m - +0 ring mail
rPois    ∞         Spirit   +   (no helmet)
rElec    .         Reflect  .   (no cloak)
rCorr    .         Harm     .   (no gloves)
MR       .....                  (no boots)
Stlth    +++.......             h - amulet of guardian spirit
HPRegen  0.00/turn              (no ring)
MPRegen  0.10/turn              (no ring)

@: agile, rotting
A: rotting body, claws 1, carnivore, cold resistance 1, negative energy
resistance 3, inhibited regeneration, torment resistance, unbreathing
a: no special abilities


You were on level 4 of the Dungeon.
You were not hungry.

You visited 1 branch of the dungeon, and saw 4 of its levels.

You collected 128 gold pieces.

Inventory:

Hand Weapons
 a - a +1 dagger
 l - a +0 rapier (weapon)
Armour
 m - a +0 ring mail (worn)
Jewellery
 h - an amulet of guardian spirit (around neck)
Scrolls
 c - a scroll of amnesia
 f - a scroll of remove curse
 i - 2 scrolls of blinking
 o - a scroll of enchant weapon
Potions
 e - 2 potions of resistance
 g - a potion of brilliance
Comestibles
 d - 4 rations


   Skills:
 + Level 2.9 Fighting
 * Level 3.7 Short Blades
 + Level 2.1 Armour
 + Level 3.1 Dodging
 - Level 3.2 Stealth
 - Level 1.7 Spellcasting
 - Level 2.4 Hexes


You had 2 spell levels left.
You knew the following spells:

 Your Spells              Type           Power        Failure   Level  Hunger
a - Corona                Hex            #......      28%         1    ##.....
b - Ensorcelled Hibernat  Hex/Ice        #.....       56%         2    ###....
c - Confuse               Hex            #.......     63%         3    ####...

Your spell library contained the following spells:

 Spells                   Type           Power        Failure   Level  Hunger
 Tukima's Dance           Hex            #.......     63%         3    ####...
 Dazzling Spray           Conj/Hex       #.....       80%         3    ####...


Dungeon Overview and Level Annotations

Branches:
Dungeon (4/15)
 Temple: D:4-7

Altars:
Xom


Innate Abilities, Weirdness & Mutations

Your body is rotting away.
You thrive on raw meat.
You are immune to poison.
You have sharp fingernails.
You are carnivorous and can eat meat at any time.
Your flesh is cold resistant. (rC+)
You are immune to negative energy. (rN+++)
You do not regenerate when monsters are visible.
You are immune to unholy pain and torment.
You can survive without breathing.


Message History

You hit the crimson imp.
The crimson imp is lightly wounded.
The crimson imp hits you but does no damage.
You hit the crimson imp but do no damage.
The crimson imp hits you with a +1 dagger of chaos.
* * * LOW HITPOINT WARNING * * *
The crimson imp burns you.
* * * LOW HITPOINT WARNING * * *
The crimson imp barely misses you.
You barely miss the crimson imp.
The crimson imp hits you but does no damage.
You are electrocuted!
* * * LOW HITPOINT WARNING * * *
The crimson imp hits you.
* * * LOW HITPOINT WARNING * * *
You barely miss the crimson imp. The crimson imp misses you.
The crimson imp barely misses you.
You closely miss the crimson imp. The crimson imp closely misses you.
The crimson imp hits you.
You die...

#..# #5######.#.##
#..# #.#......#.#
#..#####.#.######.#
#..........# #.#
##.#####.### #.#
#.# #.# #.# ####.#
##.# #.#
#....####.#.### #.#
#..55@###.. ##(#
#.####5#.### #..#
#.# ##.# # #.## #.#
#.# ##.#.## #5# #.#
#....5## #.. .a.
#.###...# #.. #..
###.# #5.# ##.# #
#.#.# #..# .#
#^#^#5#


You could see 3 crimson imps.

Vanquished Creatures
  An ice beast (D:3)
  A crimson imp (D:4)
  An orc wizard (D:3)
  A worker ant (D:4)
  9 adders
  2 oozes (D:1)
  3 worms
  2 dart slugs (D:1)
  4 leopard geckos
  2 orcs (D:4)
  5 giant cockroaches
  3 goblins
  6 hobgoblins
  3 jackals (D:1)
  A quokka (D:2)
  A ball python (D:2)
  4 bats
  3 frilled lizards
  8 kobolds
  7 rats
67 creatures vanquished.

Notes
Turn   | Place    | Note
-------+----------+-------------------------------------------
     0 | D:1      | Borgoz the Ghoul Enchanter began the quest for the Orb.
     0 | D:1      | Reached XP level 1. HP: 14/14 MP: 2/2
    46 | D:1      | Reached skill level 1 in Short Blades
   136 | D:1      | Reached XP level 2. HP: 19/22 MP: 3/3
   477 | D:1      | Reached skill level 1 in Fighting
   500 | D:1      | Reached XP level 3. HP: 25/28 MP: 4/4
   658 | D:1      | Reached skill level 1 in Armour
  1207 | D:2      | Learned a level 2 spell: Ensorcelled Hibernation
  1225 | D:2      | Reached XP level 4. HP: 35/35 MP: 5/5
  1663 | D:2      | Learned a level 3 spell: Confuse
  2185 | D:3      | Noticed an ice beast
  2214 | D:3      | Killed an ice beast
  2214 | D:3      | Reached XP level 5. HP: 9/42 MP: 0/6
  2554 | D:3      | Reached XP level 6. HP: 49/50 MP: 7/7
  3115 | D:4      | Found a shimmering altar of Xom.
  3229 | D:4      | HP: 1/48 [crimson imp (2)]
  3231 | D:4      | Slain by a crimson imp

Skill      XL: |  1  2  3  4  5  6 |
---------------+-------------------+-----
Short Blades   | 1 2 3 |  3.7
Dodging        | 2 3 |  3.1
Fighting       | 1 2 |  2.9
Armour         | 1 2 |  2.1
Stealth        | |  3.2
Spellcasting   | |  1.7
Hexes          | |  2.4

Action                   |  1- 3 |  4- 6 || total
-------------------------+-------+-------++-------
Melee: Dagger            |   156 |   113 ||   269
       Rapier            |       |   158 ||   158
 Cast: Corona            |     2 |     3 ||     5
  Use: Potion            |       |     8 ||     8
       Scroll            |       |     8 ||     8
 Stab: Sleeping          |     3 |     3 ||     6
  Eat: Chunk             |    16 |    16 ||    32
Armor: Robe              |    22 |     5 ||    27
       Ring mail         |       |    86 ||    86
Dodge: Dodged            |    74 |   159 ||   233
